[ AOE2 MATCH · #506934306 ]
UnrankedCumans vs Celts
Player's team · WIN
Rival team · LOSS
[ REPLAY ANALYSIS · EXTRACTED FROM THE RECORDED GAME ]
Feudal
16:36
Castle
38:39
Imperial
49:05
| APM avg | 31.1 |
| APM peak | 151 |
| eAPM avg | 25.7 |
| Villagers / military | 88 / 38 |
Focus
⚔️ 26.5% · 🌾 73.5%
Steppe Lancer ×10 · Petard ×6 · Kipchak ×5 · Battering Ram ×5 · Trebuchet (Packed) ×5 · Militia ×4
Feudal
17:08
Castle
43:29
Imperial
—
| APM avg | 21.1 |
| APM peak | 50 |
| eAPM avg | 15.7 |
| Villagers / military | 100 / 45 |
Focus
⚔️ 32.1% · 🌾 67.9%
Spearman ×27 · Battering Ram ×9 · Woad Raider ×8 · Mangonel ×1
Match map
Initial resources + every placement click. Lines = walls · curves = elevation contours. ◆ gold · ⬟ stone · ● berries · ✦ relic · ◌ wall gap
Your base· Open — unwalled flank
garbagekingduki's base· ✓ Closed at 43:29 · 49t walls · 9 gate(s)
Smoothed initial terrain · ◌ = detected wall gap · hover for details
Inputs per minute
— Papapishu8352 - - garbagekingduki
Build order — Papapishu8352
First 150 of 232 actions detected
| 0:01 | Queue | Villager (Male) |
| 0:01 | Queue | Villager (Male) |
| 0:01 | Queue | Villager (Male) |
| 0:02 | Build | House |
| 0:04 | Build | House |
| 0:32 | Queue | Villager (Male) |
| 1:33 | Queue | Villager (Male) |
| 2:05 | Build | Lumber Camp |
| 2:14 | Queue | Villager (Male) |
| 2:14 | Queue | Villager (Male) |
| 2:37 | Research | Loom |
| 2:56 | Queue | Villager (Male) |
| 3:19 | Queue | Villager (Male) |
| 3:42 | Queue | Villager (Male) |
| 4:18 | Queue | Villager (Male) |
| 4:19 | Queue | Villager (Male) |
| 4:19 | Queue | Villager (Male) |
| 5:09 | Build | House |
| 5:13 | Build | House |
| 5:25 | Queue | Villager (Male) |
| 6:06 | Queue | Villager (Male) |
| 6:18 | Queue | Villager (Male) |
| 6:57 | Build | Mining Camp |
| 7:01 | Queue | Villager (Male) |
| 7:18 | Queue | Villager (Male) |
| 7:53 | Queue | Villager (Male) |
| 8:18 | Queue | Villager (Male) |
| 8:56 | Queue | Villager (Male) |
| 8:56 | Queue | Villager (Male) |
| 9:23 | Build | Palisade Gate |
| 9:41 | Queue | Villager (Male) |
| 10:39 | Queue | Villager (Male) |
| 11:18 | Queue | Villager (Male) |
| 11:19 | Queue | Villager (Male) |
| 11:21 | Build | Mill |
| 11:23 | Queue | Villager (Male) |
| 12:29 | Queue | Villager (Male) |
| 13:07 | Build | Mill |
| 14:26 | Research | Feudal Age |
| 14:31 | Build | House |
| 16:03 | Queue | Villager (Male) |
| 16:03 | Queue | Villager (Male) |
| 16:21 | Build | Barracks |
| 16:36 | Age | Feudal Age |
| 16:39 | Build | Blacksmith |
| 16:49 | Research | Double-Bit Axe |
| 17:02 | Queue | Villager (Male) |
| 17:10 | Queue | Militia |
| 17:17 | Build | Siege Workshop |
| 17:23 | Queue | Militia |
| 17:29 | Queue | Villager (Male) |
| 18:01 | Build | Watch Tower |
| 18:45 | Build | Mill |
| 19:10 | Queue | Villager (Male) |
| 19:16 | Queue | Villager (Male) |
| 19:28 | Queue | Battering Ram |
| 19:32 | Research | Man-at-Arms (upgrade) |
| 19:44 | Queue | Villager (Male) |
| 19:53 | Queue | Militia |
| 20:05 | Build | House |
| 20:28 | Queue | Militia |
| 20:41 | Queue | Villager (Male) |
| 20:48 | Queue | Battering Ram |
| 21:02 | Build | House |
| 21:06 | Queue | Battering Ram |
| 21:49 | Queue | Battering Ram |
| 22:05 | Queue | Villager (Male) |
| 22:21 | Queue | Battering Ram |
| 22:39 | Build | Farm |
| 22:40 | Queue | Villager (Male) |
| 22:46 | Build | Market |
| 23:39 | Build | House |
| 23:59 | Build | Mining Camp |
| 24:00 | Queue | Villager (Male) |
| 24:22 | Build | Town Center |
| 24:37 | Queue | Villager (Male) |
| 24:44 | Research | Horse Collar |
| 25:25 | Queue | Villager (Male) |
| 25:41 | Queue | Villager (Male) |
| 26:07 | Research | Town Watch |
| 26:17 | Build | Farm |
| 27:11 | Build | Farm |
| 27:31 | Build | Watch Tower |
| 27:39 | Queue | Villager (Male) |
| 27:45 | Queue | Villager (Male) |
| 27:47 | Queue | Villager (Male) |
| 28:49 | Build | Farm |
| 28:50 | Research | Fletching |
| 29:21 | Build | Farm |
| 29:21 | Build | Farm |
| 29:22 | Build | Farm |
| 29:22 | Build | Farm |
| 29:22 | Build | Farm |
| 29:22 | Build | Farm |
| 29:23 | Build | Farm |
| 29:31 | Build | Farm |
| 29:49 | Build | Stable |
| 30:07 | Research | Wheelbarrow |
| 30:09 | Queue | Villager (Male) |
| 30:48 | Queue | Scout Cavalry |
| 31:17 | Build | Siege Workshop |
| 31:25 | Queue | Villager (Male) |
| 31:26 | Queue | Villager (Male) |
| 31:32 | Build | Farm |
| 31:33 | Build | Farm |
| 31:33 | Build | Farm |
| 31:34 | Build | Farm |
| 31:59 | Queue | Scout Cavalry |
| 32:07 | Build | Farm |
| 32:39 | Build | Farm |
| 32:44 | Queue | Villager (Male) |
| 32:44 | Queue | Villager (Male) |
| 33:13 | Build | Watch Tower |
| 33:16 | Build | Palisade Wall |
| 33:17 | Build | Palisade Wall |
| 33:19 | Build | Palisade Wall |
| 33:29 | Build | Farm |
| 33:31 | Build | Farm |
| 34:08 | Queue | Villager (Male) |
| 34:08 | Queue | Villager (Male) |
| 35:20 | Queue | Villager (Male) |
| 35:59 | Research | Castle Age |
| 36:35 | Queue | Villager (Male) |
| 36:43 | Queue | Villager (Male) |
| 37:08 | Build | Mining Camp |
| 37:11 | Research | Gold Mining |
| 37:12 | Research | Stone Mining |
| 37:31 | Queue | Villager (Male) |
| 37:31 | Queue | Villager (Male) |
| 38:39 | Age | Castle Age |
| 39:17 | Build | Castle |
| 39:22 | Research | Hand Cart |
| 39:23 | Research | Bow Saw |
| 39:24 | Research | Heavy Plow |
| 39:26 | Queue | Villager (Male) |
| 40:29 | Queue | Kipchak |
| 40:29 | Queue | Kipchak |
| 41:19 | Queue | Petard |
| 41:24 | Queue | Petard |
| 41:39 | Build | Town Center |
| 41:40 | Queue | Villager (Male) |
| 41:41 | Queue | Villager (Male) |
| 41:57 | Research | Town Patrol |
| 42:36 | Queue | Villager (Male) |
| 42:36 | Queue | Villager (Male) |
| 42:37 | Queue | Villager (Male) |
| 42:46 | Queue | Petard |
| 42:47 | Queue | Petard |
| 42:48 | Queue | Petard |
| 42:54 | Build | Farm |
Build order — garbagekingduki
First 150 of 246 actions detected
| 0:01 | Research | Loom |
| 0:02 | Queue | Villager (Male) ×4 |
| 0:04 | Build | House |
| 0:23 | Build | Palisade Gate |
| 0:27 | Build | Palisade Wall |
| 1:16 | Build | Lumber Camp |
| 1:35 | Queue | Villager (Male) |
| 2:31 | Queue | Villager (Male) |
| 2:32 | Queue | Villager (Male) |
| 3:23 | Build | House |
| 3:28 | Queue | Villager (Male) |
| 3:29 | Queue | Villager (Male) |
| 4:26 | Queue | Villager (Male) |
| 4:26 | Queue | Villager (Male) |
| 5:39 | Queue | Villager (Male) |
| 5:39 | Queue | Villager (Male) |
| 6:52 | Queue | Villager (Male) |
| 6:53 | Queue | Villager (Male) |
| 6:53 | Queue | Villager (Male) |
| 6:53 | Queue | Villager (Male) |
| 7:25 | Build | House |
| 8:16 | Queue | Villager (Male) |
| 8:25 | Queue | Villager (Male) |
| 8:37 | Build | Palisade Gate |
| 8:41 | Build | Palisade Wall |
| 8:54 | Queue | Villager (Male) |
| 9:04 | Build | House |
| 9:26 | Queue | Villager (Male) |
| 10:00 | Queue | Villager (Male) |
| 10:42 | Queue | Villager (Male) |
| 10:59 | Queue | Villager (Male) |
| 11:12 | Build | Palisade Wall |
| 11:16 | Queue | Villager (Male) |
| 11:35 | Queue | Villager (Male) |
| 11:42 | Build | Mill |
| 12:43 | Queue | Villager (Male) |
| 13:20 | Queue | Villager (Male) |
| 13:37 | Queue | Villager (Male) |
| 13:44 | Build | Mill |
| 14:25 | Build | Palisade Wall |
| 14:27 | Build | Palisade Gate |
| 14:29 | Build | Palisade Wall |
| 14:33 | Queue | Villager (Male) |
| 14:41 | Research | Feudal Age |
| 14:49 | Build | Mining Camp |
| 16:02 | Queue | Villager (Male) |
| 16:02 | Queue | Villager (Male) |
| 17:08 | Age | Feudal Age |
| 17:11 | Build | Gate |
| 17:13 | Build | Stone Wall |
| 17:14 | Build | Stone Wall |
| 17:15 | Build | Stone Wall |
| 17:20 | Queue | Villager (Male) |
| 17:33 | Build | House |
| 17:38 | Build | Blacksmith |
| 17:44 | Build | Mining Camp |
| 17:53 | Queue | Villager (Male) |
| 19:02 | Queue | Villager (Male) |
| 19:18 | Build | Gate |
| 19:23 | Build | Stone Wall |
| 19:30 | Queue | Villager (Male) |
| 19:37 | Queue | Villager (Male) |
| 20:10 | Build | Market |
| 20:30 | Build | Watch Tower |
| 20:59 | Build | Gate |
| 21:03 | Build | Stone Wall |
| 21:07 | Build | Stone Wall |
| 21:11 | Build | Stone Wall |
| 21:15 | Queue | Villager (Male) |
| 21:21 | Build | Stone Wall |
| 21:25 | Build | Stone Wall |
| 21:27 | Build | Stone Wall |
| 21:49 | Queue | Villager (Male) |
| 22:05 | Build | Watch Tower |
| 22:12 | Queue | Villager (Male) |
| 22:30 | Build | Watch Tower |
| 22:34 | Queue | Villager (Male) |
| 22:37 | Build | House |
| 23:31 | Queue | Villager (Male) |
| 23:45 | Queue | Villager (Male) |
| 24:08 | Queue | Villager (Male) |
| 25:13 | Build | Gate |
| 25:15 | Build | Stone Wall |
| 25:30 | Build | Stone Wall |
| 25:57 | Build | House |
| 26:14 | Build | House |
| 26:38 | Build | House |
| 26:54 | Build | Stone Wall |
| 27:14 | Build | Farm |
| 27:15 | Build | Farm |
| 27:15 | Build | Farm |
| 27:15 | Build | Farm |
| 27:16 | Build | Farm |
| 27:16 | Build | Farm |
| 27:19 | Build | Farm |
| 27:21 | Build | Farm |
| 27:40 | Research | Fletching |
| 28:18 | Build | Watch Tower |
| 28:24 | Build | Gate |
| 28:53 | Queue | Villager (Male) |
| 28:53 | Queue | Villager (Male) |
| 29:19 | Queue | Villager (Male) |
| 29:35 | Build | Watch Tower |
| 29:59 | Queue | Villager (Male) |
| 30:13 | Queue | Villager (Male) |
| 30:27 | Queue | Villager (Male) |
| 30:50 | Build | Barracks |
| 30:52 | Queue | Villager (Male) |
| 31:09 | Build | Gate |
| 31:13 | Queue | Villager (Male) |
| 31:22 | Queue | Villager (Male) |
| 31:31 | Queue | Spearman |
| 31:43 | Queue | Villager (Male) |
| 31:52 | Build | Farm |
| 31:53 | Build | Farm |
| 31:53 | Build | Farm |
| 31:56 | Queue | Spearman |
| 31:56 | Queue | Spearman |
| 32:12 | Queue | Villager (Male) |
| 32:13 | Queue | Spearman |
| 32:41 | Queue | Villager (Male) |
| 32:52 | Queue | Spearman |
| 32:58 | Queue | Villager (Male) |
| 33:07 | Build | Watch Tower |
| 33:21 | Queue | Villager (Male) |
| 33:38 | Queue | Villager (Male) |
| 33:48 | Queue | Villager (Male) |
| 33:57 | Queue | Spearman |
| 34:37 | Queue | Spearman |
| 35:22 | Build | Watch Tower |
| 35:36 | Queue | Villager (Male) |
| 35:49 | Build | Farm |
| 35:49 | Build | Farm |
| 35:49 | Build | Farm |
| 35:50 | Build | Farm |
| 36:11 | Queue | Villager (Male) |
| 36:20 | Queue | Villager (Male) |
| 36:33 | Queue | Villager (Male) |
| 36:58 | Build | Gate |
| 37:26 | Queue | Villager (Male) |
| 37:54 | Queue | Villager (Male) |
| 38:17 | Queue | Villager (Male) |
| 38:35 | Queue | Villager (Male) |
| 38:46 | Queue | Villager (Male) |
| 40:24 | Queue | Villager (Male) |
| 40:47 | Research | Castle Age |
| 41:24 | Build | Mining Camp |
| 42:04 | Build | Lumber Camp |
| 42:29 | Build | Gate |
| 43:06 | Queue | Villager (Male) |
Match timeline
| 0:27 | garbagekingduki · wall_segment Palisade Wall x6 |
| 8:41 | garbagekingduki · wall_segment Palisade Wall x6 |
| 11:12 | garbagekingduki · wall_segment Palisade Wall x1 |
| 14:25 | garbagekingduki · wall_segment Palisade Wall x2 |
| 14:29 | garbagekingduki · wall_segment Palisade Wall x6 |
| 16:21 | Papapishu8352 · first_building Barracks |
| 16:36 | Papapishu8352 · age_up feudal |
| 17:08 | garbagekingduki · age_up feudal |
| 17:13 | garbagekingduki · wall_segment Stone Wall x5 |
| 17:14 | garbagekingduki · wall_segment Stone Wall x1 |
| 17:15 | garbagekingduki · wall_segment Stone Wall x1 |
| 17:17 | Papapishu8352 · first_building Siege Workshop |
| 19:23 | garbagekingduki · wall_segment Stone Wall x6 |
| 20:41 | garbagekingduki · first_market_buy 100 food |
| 21:03 | garbagekingduki · wall_segment Stone Wall x3 |
| 21:07 | garbagekingduki · wall_segment Stone Wall x1 |
| 21:11 | garbagekingduki · wall_segment Stone Wall x7 |
| 21:21 | garbagekingduki · wall_segment Stone Wall x1 |
| 21:25 | garbagekingduki · wall_segment Stone Wall x2 |
| 21:27 | garbagekingduki · wall_segment Stone Wall x1 |
| 22:26 | garbagekingduki · first_market_sell 100 food |
| 24:15 | Papapishu8352 · first_market_sell 100 wood |
| 24:17 | Papapishu8352 · first_market_buy 100 stone |
| 25:15 | garbagekingduki · wall_segment Stone Wall x4 |
| 25:30 | garbagekingduki · wall_segment Stone Wall x1 |
| 26:54 | garbagekingduki · wall_segment Stone Wall x2 |
| 29:49 | Papapishu8352 · first_building Stable |
| 30:50 | garbagekingduki · first_building Barracks |
| 33:16 | Papapishu8352 · wall_segment Palisade Wall x1 |
| 33:17 | Papapishu8352 · wall_segment Palisade Wall x1 |
| 33:19 | Papapishu8352 · wall_segment Palisade Wall x1 |
| 38:39 | Papapishu8352 · age_up castle |
| 39:17 | Papapishu8352 · first_building Castle |
| 43:29 | garbagekingduki · age_up castle |
| 43:34 | garbagekingduki · first_building Castle |
| 45:45 | garbagekingduki · first_building Siege Workshop |
| 49:05 | Papapishu8352 · age_up imperial |
| 51:43 | Papapishu8352 · first_building Monastery |
| 54:12 | garbagekingduki · resign |
[ AI ANALYSIS · 1 CREDIT ]
What really happened in this match?
Wolo.gg analyzes every decision: build order, eco, micro, common mistakes by bracket. Personalized analysis on WhatsApp or Discord in 30 seconds.
Civ guide
Cumans
Perfil
Jugador #19470619